 Dungeon Crawl Stone Soup version 0.27-a0-931-g5a74e75d8f (webtiles) character file.

Game seed: 11352773254673312219

186 Alarkh the Ruffian (level 5, -4/41 HPs)
             Began as a Demonspawn Gladiator on Apr 10, 2021.
             Splashed by a jelly's acid (9 damage)
             ... on level 3 of the Dungeon.
             The game lasted 00:04:33 (2768 turns).

Alarkh the Ruffian (Demonspawn Gladiator)           Turns: 2768, Time: 00:04:34

Health: -4/41      AC: -4    Str: 15    XL:     5   Next: 38%
Magic:  5/5        EV: 17    Int: 10    God:
Gold:   75         SH:  0    Dex: 14    Spells: 4/4 levels left

rFire    . . .     SeeInvis .     - Unarmed
rCold    + . .     Faith    .   (no shield)
rNeg     . . .     Spirit   .   a - +0 leather armour
rPois    .         Reflect  .   b - +0 helmet
rElec    .         Harm     .   (no cloak)
rCorr    .         Rampage  .   (no gloves)
Will     .....                  (no boots)
Stlth    +.........             (no amulet)
HPRegen  0.13/turn              o - ring of protection from cold
MPRegen  0.09/turn              (no ring)

@: agile, corroded, attractive, flying
A: claws 2, powered by pain 1
a: no special abilities


You were on level 3 of the Dungeon.
You visited 1 branch of the dungeon, and saw 3 of its levels.

You collected 75 gold pieces.

Inventory:

Missiles
 c - 3 throwing nets (quivered)
 l - 33 poisoned darts
Armour
 a - a +0 leather armour (worn)
 b - a +0 helmet (worn)
Jewellery
 o - a ring of protection from cold (left claw)
Scrolls
 e - 3 scrolls of enchant weapon
 f - 2 scrolls of noise {unknown}
 g - a scroll of fog {unknown}
 h - 2 scrolls of identify {unknown}
 i - a scroll of enchant armour {unknown}
 n - a scroll of vulnerability {unknown}
 p - a scroll of holy word {unknown}
Potions
 d - 3 potions of haste


   Skills:
 + Level 3.2 Fighting
 + Level 2.9 Throwing
 - Level 2.6 Dodging
 * Level 4.4 Unarmed Combat


You had 4 spell levels left.
You didn't know any spells.
Your spell library contained the following spells:

 Spells                   Type           Power      Damage    Failure   Level
 Animate Skeleton         Necr           0%         N/A       43%         1
 Apportation              Tloc           0%         N/A       43%         1
 Corona                   Hex            0%         N/A       43%         1
 Summon Small Mammal      Summ           0%         N/A       43%         1


Dungeon Overview and Level Annotations

Branches:
Dungeon (3/15)

Altars:
Gozag
Okawaru
Sif Muna
Trog


Innate Abilities, Weirdness & Mutations

You have very sharp fingernails.
You sometimes gain a little power by taking damage.


Message History

It was a potion of attraction.
You feel attractive to monsters. The jelly barely misses you.
It was a potion of ambrosia.
You are confused.
You feel invigorated. The jelly barely misses you.
You scratch the jelly. The acid corrodes you!
Your claws burn!
* * * LOW HITPOINT WARNING * * *
The jelly is heavily wounded.
The jelly closely misses you.
You bump into the rock wall.
The jelly hits you.
* * * LOW HITPOINT WARNING * * *
The acid corrodes you!
You are splashed with acid!
* * * LOW HITPOINT WARNING * * *
You focus on the pain.
You feel agile all of a sudden.
You bump into the rock wall.
The jelly closely misses you.
You bump into the rock wall.
The jelly hits you.
You are splashed with acid!
* * * LOW HITPOINT WARNING * * *
You feel less invigorated.
You feel less confused. The jelly is pulled toward you!
Things that are here:
a +0 short sword; 5 stones; a kobold corpse The jelly is pulled toward you!
The jelly is pulled toward you! The jelly is pulled toward you!
The jelly is pulled toward you! The jelly is pulled toward you!
There is an open door here.
You barely miss the jelly.
The jelly is moderately wounded.
The jelly barely misses you.
You claw the jelly!
Your claws burn!
* * * LOW HITPOINT WARNING * * *
The jelly is almost dead.
The jelly hits you.
* * * LOW HITPOINT WARNING * * *
You are splashed with acid!
You die...

# #÷P ##.# #.# # #.P
#..# #.##### ######
#.. ##.# #......
.....######.. #..#
#######
.........##.÷ ####
#.##.##### #'#######
#.##.##### #..).J.##
.........#
########.#
.........#
#....@JJ##
#.##.##.## #....####
#.##.##.####.......#
#.##......##.......#
#.#####.####.......#
#.# #.# #.......#
..# #.# ##)))..##
### #.# ##.).## #.#
##')'##


You could see 2 jellies.

Vanquished Creatures
  Robin (D:3)
  8 adders
  An adder skeleton (D:2)
  A dart slug (D:2)
  An orc (D:2)
  7 bats
  9 endoplasms
  3 giant cockroaches
  12 goblins
  5 hobgoblins
  6 jackals
  8 kobolds
  4 quokkas
  16 ball pythons
  5 frilled lizards
  2 rats
89 creatures vanquished.

Vanquished Creatures (others)
  6 fungi (D:3)
  A plant (D:3)
  11 toadstools (D:3)
18 creatures vanquished.

Grand Total: 107 creatures vanquished

Notes
Turn   | Place    | Note
-------+----------+-------------------------------------------
     0 | D:1      | Alarkh the Demonspawn Gladiator began the quest for the
                  | Orb.
     0 | D:1      | Reached XP level 1. HP: 16/16 MP: 1/1
   516 | D:1      | Reached skill level 3 in Unarmed Combat
   522 | D:1      | Gained mutation: You have sharp fingernails. [demonic
                  | ancestry]
   522 | D:1      | Reached XP level 2. HP: 17/22 MP: 2/2
   546 | D:1      | Found a faded altar of an unknown god.
   622 | D:1      | You fall into a shaft and drop 1 floor!
   682 | D:2      | Noticed Robin
   701 | D:3      | Reached XP level 3. HP: 15/28 MP: 3/3
  1266 | D:3      | Killed Robin
  1267 | D:3      | Gained mutation: You sometimes gain a little power by
                  | taking damage. [demonic ancestry]
  1267 | D:3      | Reached XP level 4. HP: 11/34 MP: 4/4
  1842 | D:2      | Reached skill level 4 in Unarmed Combat
  2204 | D:3      | Gained mutation: You have very sharp fingernails. [demonic
                  | ancestry]
  2204 | D:3      | Reached XP level 5. HP: 39/41 MP: 5/5
  2238 | D:3      | Found a bloodstained altar of Trog.
  2501 | D:3      | Found an iron altar of Okawaru.
  2505 | D:3      | Found a shimmering blue altar of Sif Muna.
  2507 | D:3      | Found an opulent altar of Gozag.
  2768 | D:3      | Splashed by a jelly's acid

Illustrated notes

Levels and vault maps discovered:
D:1:      dpeg_arrival_castle, layout_loops_ring, ebering_ecumenical_altar_mist
D:2:      layout_basic, minmay_three_crescents, uniq_robin
D:3:      cheibrodos_fertilizer, layout_loops_ring, lightli_temple_of_fire,
          gammafunk_temple_overflow_forgotten, serial_bayou_pond_d,
          minmay_shallow_snake_nest

Skill      XL: |  1  2  3  4 |
---------------+-------------+-----
Unarmed Combat | 3 4 |  4.4
Throwing       | 2 |  2.9
Fighting       | 3 |  3.2
Dodging        | |  2.6

Action                   |  1- 3 |  4- 6 || total
-------------------------+-------+-------++-------
Melee: Unarmed           |   129 |   163 ||   292
       Punch             |       |     3 ||     3
Throw: Dart              |       |     2 ||     2
  Use: Potion            |     2 |     3 ||     5
       Scroll            |       |     1 ||     1
Armor: Leather armour    |    35 |    43 ||    78
Dodge: Dodged            |   135 |   103 ||   238

Table legend: (Time is in decaauts)
 A = Elapsed time spent in this place.
 B = Non-inter-level travel time spent in this place.
 C = Inter-level travel time spent in this place.
 D = Time resting spent in this place.
 E = Time spent auto-exploring this place.
 F = Levels seen in this place.
 G = Mean time per level.
                   A        B        C        D        E       F      G
               +--------+--------+--------+--------+--------+-----+--------+
         Total |   2744 |   2727 |     17 |    462 |   1732 |   3 |  914.7 |
       Dungeon |   2744 |   2727 |     17 |    462 |   1732 |   3 |  914.7 |
               +--------+--------+--------+--------+--------+-----+--------+

Top non-repeatable levels by time:
     D:3: 1391 daAuts
     D:2: 731 daAuts
     D:1: 620 daAuts
